 Dungeon Crawl Stone Soup version 0.22-b1-59-g0aedee7 (webtiles) character file.

58 Goblin1989 the Chopper (level 3, -3/29 HPs)
             Began as a Demonspawn Chaos Knight on Aug 10, 2018.
             Slain by an adder (5 damage)
             ... on level 2 of the Dungeon.
             The game lasted 00:02:26 (1314 turns).

Goblin1989 the Chopper (Demonspawn Chaos Knight)    Turns: 1314, Time: 00:02:26

Health: -3/29      AC:  7    Str: 13    XL:     3   Next: 76%
Magic:  3/3        EV: 11    Int: 13    God:    Xom [*.....]
Gold:   64         SH:  0    Dex: 12    Spells: 2/2 levels left

rFire    . . .     SeeInvis .   a - +0 hand axe (chaos)
rCold    + . .     Gourm    .   (no shield)
rNeg     . . .     Faith    .   b - +2 leather armour
rPois    .         Spirit   .   (no helmet)
rElec    .         Reflect  .   (no cloak)
rCorr    .         Harm     .   m - +0 pair of gloves
MR       .....                  (no boots)
Stlth    +.........             h - amulet of inaccuracy (curse)
HPRegen  0.09/turn              (no ring)
MPRegen  0.08/turn              (no ring)

@: lethally poisoned (-3 -> -15)
A: rugged brown scales 1, cold resistance 1
a: Renounce Religion


You were on level 2 of the Dungeon.
You worshipped Xom.
You were a special plaything of Xom.
You were not hungry.

You visited 1 branch of the dungeon, and saw 2 of its levels.

You collected 64 gold pieces.

Inventory:

Hand Weapons
 a - a +0 hand axe of chaos (weapon)
Missiles
 q - 2 stones (quivered)
Armour
 b - a +2 leather armour (worn)
 m - a +0 pair of gloves (worn)
Jewellery
 h - a cursed amulet of inaccuracy (around neck)
Scrolls
 i - a scroll of identify {unknown}
 j - a scroll of immolation {unknown}
 l - a scroll of random uselessness {unknown}
 n - a scroll of enchant armour {unknown}
Potions
 g - a potion of haste {unknown}
 o - a potion of might {unknown}
Comestibles
 e - 2 rations


   Skills:
 - Level 3.0 Fighting
 + Level 4.3 Axes
 - Level 1.7 Armour
 - Level 0.8 Dodging


You had 2 spell levels left.
You didn't know any spells.
Your spell library was empty.

Dungeon Overview and Level Annotations

Branches:
Dungeon (2/15)

Altars:


Innate Abilities, Weirdness & Mutations

You are partially covered in rugged brown scales. (AC +1, +3% HP)
Your flesh is cold resistant. (rC+)


Message History

You miss the adder.
The adder is lightly wounded.
The adder completely misses you.
You miss the adder.
The adder is lightly wounded.
You feel sick. The adder closely misses you.
You take 1 damage, and have 21/29 hp.
You hit the adder. You freeze the adder.
The adder is moderately wounded.
The adder bites you.
You are more poisoned.
The adder poisons you! The adder closely misses you.
You take 2 damage, and have 19/29 hp.
You closely miss the adder.
The adder is moderately wounded.
You feel sick. The adder completely misses you.
You take 1 damage, and have 18/29 hp.
You completely miss the adder.
The adder is moderately wounded.
You feel sick. The adder bites you but does no damage.
You closely miss the adder.
The adder is moderately wounded.
The adder barely misses you. The adder closely misses you.
You hit the adder.
The adder goes berserk!
The adder is almost dead.
You feel sick. The adder closely misses you. The adder bites you.
You take 4 damage, and have 14/29 hp.
You are too injured to fight recklessly!
You are too injured to fight recklessly!
You are too injured to fight recklessly!
You are too injured to fight recklessly!
You are too injured to fight recklessly!
You are too injured to fight recklessly!
You are too injured to fight recklessly!
You are too injured to fight recklessly!
You are too injured to fight recklessly!
You are too injured to fight recklessly!
You are too injured to fight recklessly!
You are too injured to fight recklessly!
You are too injured to fight recklessly!
You are too injured to fight recklessly!
You are too injured to fight recklessly!
You are too injured to fight recklessly!
You are too injured to fight recklessly!
You are too injured to fight recklessly!
You are too injured to fight recklessly!
You are too injured to fight recklessly!
You are too injured to fight recklessly!
You are too injured to fight recklessly!
Unknown command.
You miss the adder.
The adder is almost dead.
The adder bites you but does no damage. x2
You barely miss the adder.
The adder is almost dead.
You feel sick. The adder closely misses you. The adder bites you.
* * * LOW HITPOINT WARNING * * *
You take 5 damage, and have 9/29 hp.
You miss the adder.
The adder is almost dead.
The adder closely misses you. The adder bites you.
* * * LOW HITPOINT WARNING * * *
You are lethally poisoned!
The adder poisons you!
You take 1 damage, and have 8/29 hp.
You closely miss the adder.
The adder is severely wounded.
* * * LOW HITPOINT WARNING * * *
You feel sick. The adder closely misses you. The adder barely misses you.
You take 1 damage, and have 7/29 hp.
Unknown command.
You miss the adder.
The adder is severely wounded.
* * * LOW HITPOINT WARNING * * *
You feel sick. The adder bites you but does no damage.
The adder barely misses you. The adder misses you.
You take 1 damage, and have 6/29 hp.
Unknown command.
You barely miss the adder.
The adder is severely wounded.
The adder barely misses you. The adder misses you.
You hit the adder.
The adder is severely wounded.
* * * LOW HITPOINT WARNING * * *
You feel sick. The adder barely misses you. The adder closely misses you.
You take 1 damage, and have 5/29 hp.
Unknown command.
You completely miss the adder.
The adder is severely wounded.
* * * LOW HITPOINT WARNING * * *
You feel sick. The adder barely misses you. The adder bites you.
* * * LOW HITPOINT WARNING * * *
You are more poisoned.
The adder poisons you!
You take 3 damage, and have 2/29 hp.
You closely miss the adder.
The adder is severely wounded.
* * * LOW HITPOINT WARNING * * *
You feel sick. The adder bites you.
You die... ███████

█.....█
█.███.█
█.....█ █
█.....█
█....██.███
█.███..S@(█
. █.█.█(█
█...█.█
█████.█ █.█
█)█ ...
.█..█
█.██.█


You could see an adder (berserk).

Vanquished Creatures
  An adder (D:2)
  An ooze (D:2)
  3 dart slugs (D:1)
  A leopard gecko (D:1)
  6 bats
  2 giant cockroaches
  A goblin (D:1)
  7 hobgoblins
  3 kobolds
  2 frilled lizards
  8 rats
35 creatures vanquished.

Vanquished Creatures (others)
  A leopard gecko (D:2)
1 creature vanquished.

Grand Total: 36 creatures vanquished

Notes
Turn   | Place    | Note
-------+----------+-------------------------------------------
     0 | D:1      | Goblin1989 the Demonspawn Chaos Knight began the quest for the Orb.
     0 | D:1      | Reached XP level 1. HP: 18/18 MP: 1/1
    85 | D:1      | Reached skill level 3 in Axes
   107 | D:1      | XOM: harmless Necr miscast
   148 | D:1      | Gained mutation: Your flesh is cold resistant. (rC+) [demonic ancestry]
   148 | D:1      | Reached XP level 2. HP: 24/24 MP: 2/2
   374 | D:1      | Gained mutation: You are partially covered in rugged brown scales. (AC +1, +3% HP) [demonic ancestry]
   374 | D:1      | Reached XP level 3. HP: 21/29 MP: 3/3
   455 | D:1      | XOM: harmless Air miscast
   706 | D:2      | Reached skill level 4 in Axes
  1010 | D:2      | XOM: silly message
  1201 | D:2      | XOM: 2-stop teleportation journey
  1314 | D:2      | Slain by an adder

Skill      XL: |  1  2  3 |
---------------+----------+-----
Axes           | 3 4 |  4.3
Fighting       | |  3.0
Armour         | |  1.7
Dodging        | |  0.8

Action                   || total
-------------------------++-------
Melee: Hand axe          ||   134
  Eat: Chunk             ||     1
Armor: Leather armour    ||    53
Dodge: Dodged            ||    85

Vault maps used:
D:1:      dpeg_arrival_pits
D:2:      kb_forest_paths, chequers_temple_overflow_statue_of_worship,
          first_ration
